 Dungeon Crawl Stone Soup version 0.28-a0-691-gad6df49e81 (webtiles) character file.

Game seed: 11393950080543411065

20 demibob the Poker (level 2, 22/22 HPs)
             Began as a Merfolk Gladiator on Oct 20, 2021.
             Was a Follower of Zin.
             Quit the game on level 1 of the Dungeon.
             The game lasted 00:01:02 (851 turns).

demibob the Poker (Merfolk Gladiator)                Turns: 851, Time: 00:01:02

Health: 22/22      AC:  4    Str: 14    XL:     2   Next: 79%
Magic:  2/2        EV: 13    Int:  7    God:    Zin [*.....]
Gold:   21         SH:  0    Dex: 15    Spells: 1/1 levels left

rFire   . . .      SeeInvis .   a - +0 trident
rCold   . . .      Faith    .   (no shield)
rNeg    . . .      Spirit   .   b - +0 leather armour
rPois   .          Reflect  .   c - +0 helmet
rElec   .          Harm     .   (no cloak)
rCorr   .          Rampage  .   (no gloves)
Will    .....                   (no boots)
Stlth   +.........              (no amulet)
HPRegen 0.07/turn               (no ring)
MPRegen 0.08/turn               (no ring)

@: no status effects
A: (nimble swimmer 2), mertail
a: Renounce Religion, Recite, Donate Gold


You were on level 1 of the Dungeon.
You worshipped Zin.
Zin was aware of your devotion.
You visited 1 branch of the dungeon, and saw 1 of its levels.

You collected 23 gold pieces.
You donated 2 gold pieces to Zin.


Innate Abilities, Weirdness & Mutations

((You are quick and stealthy near water. (Stealth+, EV+, Speed+++)))
Your lower body shifts to a powerful aquatic tail in water.


   Skills:
 - Level 2.1 Fighting
 + Level 5.8 Polearms
 - Level 2.0 Throwing
 - Level 4.0 Dodging


You had one spell level left.
You didn't know any spells.
Your spell library was empty.

Inventory:

Hand Weapons
 a - a +0 trident (weapon)
Missiles
 d - 3 throwing nets (quivered) {=f}
Armour
 b - a +0 leather armour (worn)
 c - a +0 helmet (worn)
Potions
 e - a potion of lignification {unknown}
 g - a potion of curing {unknown}

Dungeon Overview and Level Annotations

Branches:
Dungeon (1/15)

Altars:
Zin

Shops:
D:1

* ####### #.....# ##.....#
###########.....@# #####
≈≈≈≈≈≈≈≈≈≈##....b######...#
≈≈≈≈≈≈≈≈≈≈#.............#.#
≈≈≈≈≈≈≈≈≈≈##...########...#
# ≈≈≈≈≈≈≈≈≈≈###.##
####.#### # ≈≈...≈≈≈≈≈# #.#
#...>...# # ≈..<..≈≈≈≈# #.#
#.##.##.# #
≈≈...≈≈≈≈≈###'##
#.##.##.#####
≈≈≈≈≈≈≈≈≈≈##...##
#..........##


You could see a friendly bat (summoned).


Message History

h - a scroll labelled SAYXEO VYEFI You now have 23 gold pieces (gained 13).
You open the door.
There is an open door here.
You open the door.
There is an open door here.
Found a faded altar of an unknown god.
There is an escape hatch in the floor here.
You open the door.
There is an open door here.
There is an open door here.
You see here a hobgoblin corpse.
Done exploring.
Done exploring.
As you read the scroll labelled JIGEUXKYPLA, it crumbles to dust.
You feel strangely unstable.
It was a scroll of teleportation.
As you read the scroll labelled SAYXEO VYEFI, it crumbles to dust.
Wisps of shadow whirl around you...
It was a scroll of summoning.
You start waiting.
Your surroundings suddenly seem different.
Search for what [? for help]? god
There is an open door here.
There is an open door here.
There is a faded altar of an unknown god here.
You cannot tell which god this altar belongs to.
Convert to them anyway?
Zin accepts your prayer! Zin welcomes you!
You pay a tithe of 2 gold.
You can now donate money to Zin.
You can now recite Zin's Axioms of Law.
Are you sure you want to abandon this character and quit the game? (Confirm with "yes".)

Skill      XL: |  1 |
---------------+----+-----
Polearms       | 5 |  5.8
Fighting       | |  2.1
Throwing       | |  2.0
Dodging        | |  4.0

Action                   || total
-------------------------++-------
Melee: Trident           ||    54
  Use: Scroll            ||     2
 Stab: Sleeping          ||     5
Armor: Leather armour    ||     4
Dodge: Dodged            ||    26

Levels and vault maps discovered:
D:1:      zaba_arrival_water, layout_loops_corners, basic_ecumenical_altar,
          serial_shops, nicolae_diamond_shop, minmay_worlds_worst_comb

Notes
Turn   | Place    | Note
-------+----------+-------------------------------------------
     0 | D:1      | demibob the Merfolk Gladiator began the quest for the Orb.
     0 | D:1      | Reached XP level 1. HP: 16/16 MP: 1/1
   154 | D:1      | Reached skill level 5 in Polearms
   157 | D:1      | Reached XP level 2. HP: 22/22 MP: 2/2
   162 | D:1      | Found Teg Weosh's Assorted Antiques.
   719 | D:1      | Found a faded altar of an unknown god.
   850 | D:1      | Prayed at the altar of an unknown god.
   850 | D:1      | Became a worshipper of Zin the Law-Giver
   850 | D:1      | Reached * piety under Zin
   851 | D:1      | Quit the game

Vanquished Creatures
  A bat (D:1)
  2 endoplasms (D:1)
  5 giant cockroaches (D:1)
  4 hobgoblins (D:1)
  A quokka (D:1)
  A ball python (D:1)
  2 rats (D:1)
16 creatures vanquished.

Table legend: (Time is in decaauts)
 A = Elapsed time spent in this place.
 B = Non-inter-level travel time spent in this place.
 C = Inter-level travel time spent in this place.
 D = Time resting spent in this place.
 E = Time spent auto-exploring this place.
 F = Levels seen in this place.
 G = Mean time per level.
                   A        B        C        D        E       F      G
               +--------+--------+--------+--------+--------+-----+--------+
         Total |    848 |    814 |     34 |      2 |    701 |   1 |  848.0 |
       Dungeon |    848 |    814 |     34 |      2 |    701 |   1 |  848.0 |
               +--------+--------+--------+--------+--------+-----+--------+

Top non-repeatable levels by time:
     D:1: 848 daAuts

Table legend:
 A = Non-vault XP
 B = Vault XP
 C = Vault XP percentage of total XP
 D = Non-vault monster count
 E = Vault monster count
 F = Vault count percentage of total count
                 A         B        C        D         E       F
            +---------+---------+-------+---------+---------+-------
      Total |      19 |      10 |  34.5 |      11 |       5 |  31.2
            +---------+---------+-------+---------+---------+-------
        D:1 |      19 |      10 |  34.5 |      11 |       5 |  31.2
            +---------+---------+-------+---------+---------+-------
